 Dungeon Crawl Stone Soup version 0.22-a0-456-g11ed031 (webtiles) character file.

138 RedSatellite the Chopper (level 5, -1/46 HPs)
             Began as a Hill Orc Fighter on June 6, 2018.
             Was an Initiate of Okawaru.
             Slain by an orc wizard
             ... wielding a +0 dagger of freezing
              (4 damage)
             ... on level 2 of the Dungeon.
             The game lasted 00:13:23 (2609 turns).

RedSatellite the Chopper (Hill Orc Fighter)         Turns: 2609, Time: 00:13:24

Health: -1/46      AC:  6    Str: 20    XL:     5   Next: 21%
Magic:  5/5        EV:  8    Int:  8    God:    Okawaru [......]
Gold:   86         SH:  9    Dex: 10    Spells: 4/4 levels left

rFire    . . .     SeeInvis .   a - +0 war axe
rCold    . . .     Gourm    .   c - +0 shield
rNeg     . . .     Faith    .   j - +1 ring mail {rPois}
rPois    +         Spirit   .   (no helmet)
rElec    .         Reflect  .   (no cloak)
rCorr    .         Harm     .   (no gloves)
MR       .....                  (no boots)
Stlth    ..........             (no amulet)
HPRegen  0.15/turn              (no ring)
MPRegen  0.09/turn              (no ring)

@: starving
A: no striking features
a: Renounce Religion


You were on level 2 of the Dungeon.
You worshipped Okawaru.
Okawaru was noncommittal.
You were starving.

You visited 1 branch of the dungeon, and saw 3 of its levels.

You collected 86 gold pieces.

Inventory:

Hand Weapons
 a - a +0 war axe (weapon)
 i - a +1 short sword of draining
Armour
 b - a +0 scale mail
 c - a +0 shield (worn)
 j - a +1 ring mail of poison resistance (worn)
Scrolls
 e - 3 scrolls of teleportation {unknown}
 g - 3 scrolls of fear {unknown}
 h - a scroll of magic mapping {unknown}
 k - a scroll of noise {unknown}
 l - a scroll of identify {unknown}
 n - a scroll of blinking {unknown}
 p - a scroll of remove curse {unknown}
 q - a scroll of random uselessness {unknown}


   Skills:
 + Level 4.0 Fighting
 + Level 4.9 Axes
 + Level 4.1 Armour
 + Level 0.6 Dodging
 + Level 4.1 Shields


You had 4 spell levels left.
You didn't know any spells.
Your spell library was empty.

Dungeon Overview and Level Annotations

Branches:
Dungeon (3/15)

Altars:
Makhleb
Okawaru
Uskayaw
Vehumet


Message History

You bump into the rock wall.
You feel less confused. Something hits you. Something freezes you.
* * * LOW HITPOINT WARNING * * *
You're too hungry to rest.
You're too hungry to rest.
You're too hungry to rest.
You're too hungry to rest.
You're too hungry to rest.
You're too hungry to rest.
There is a strange disturbance nearby!
A magic dart appears from out of thin air!
The magic dart hits you!
* * * LOW HITPOINT WARNING * * *
You hear some strange, mumbled words.
A magic dart appears from out of thin air!
The magic dart hits you!
* * * LOW HITPOINT WARNING * * *
You barely miss something. Something hits you.
You die...

### ## #.######### .#
#.........# .# #@#######.#
.# #.# #.# .# #.# #.# .#
#.#######.# .# #.##......#
.###############.##.######
.......#..........#.#
.......#.#######..#.#
.........# #.#..#.#


There were no monsters in sight!

Vanquished Creatures
  2 adders (D:2)
  6 gnolls
  A worm (D:2)
  5 dart slugs
  2 orcs
  5 giant cockroaches
  3 goblins
  6 hobgoblins
  3 jackals (D:2)
  A ball python (D:2)
  3 bats (D:2)
  3 frilled lizards
  4 kobolds
  7 rats
51 creatures vanquished.

Vanquished Creatures (others)
  A jackal (D:3)
  A quokka (D:3)
2 creatures vanquished.

Grand Total: 53 creatures vanquished

Notes
Turn   | Place    | Note
-------+----------+-------------------------------------------
     0 | D:1      | RedSatellite the Hill Orc Fighter began the quest for the Orb.
     0 | D:1      | Reached XP level 1. HP: 19/19 MP: 1/1
   595 | D:1      | Reached XP level 2. HP: 25/27 MP: 2/2
   764 | D:2      | Found an iron altar of Okawaru.
   813 | D:2      | Became a worshipper of Warmaster Okawaru
   855 | D:2      | Reached XP level 3. HP: 33/33 MP: 3/3
  1067 | D:2      | Reached XP level 4. HP: 21/40 MP: 4/4
  1224 | D:2      | Found a hide-covered altar of Uskayaw.
  1228 | D:2      | Noticed a hand axe
  1229 | D:2      | Noticed a hand axe
  1957 | D:2      | Found a radiant altar of Vehumet.
  1958 | D:2      | Found a burning altar of Makhleb.
  2336 | D:3      | Reached XP level 5. HP: 35/46 MP: 5/5
  2609 | D:2      | Slain by an orc wizard

Vault maps used:
D:1:      dpeg_arrival_erosion, minmay_pentomino_s4
D:2:      gammafunk_temple_overflow_statue, dancing_weapons_uskayaw,
          st_stairs_13, okawaru_trees_2
D:3:      elyvilon_altar_4, first_ration, uniq_natasha

Skill      XL: |  1  2  3  4  5 |
---------------+----------------+-----
Axes           | 3 4 |  4.9
Shields        | 4 |  4.1
Fighting       | 4 |  4.0
Armour         | 4 |  4.1
Dodging        | |  0.6

Action                   |  1- 3 |  4- 6 || total
-------------------------+-------+-------++-------
Melee: War axe           |    92 |   119 ||   211
  Use: Potion            |       |     3 ||     3
  Eat: Ration            |       |     1 ||     1
Armor: Ring mail         |    45 |    54 ||    99
       Scale mail        |     1 |       ||     1
Dodge: Dodged            |    25 |    43 ||    68
Block: Shield            |    39 |    59 ||    98

Table legend:
 A = Spawn XP
 B = Non-spawn XP
 C = Spawn XP percentage of total XP
 D = Spawn monster count
 E = Non-spawn monster count
 F = Spawn count percentage of total count
 G = Total turns spent on level
                    A         B        C        D         E        F      G
               +---------+---------+-------+---------+---------+-------+---------
         Total |       0 |     198 |   0.0 |       0 |      51 |   0.0 |  2609
               +---------+---------+-------+---------+---------+-------+---------
           D:1 |       0 |      23 |   0.0 |       0 |      13 |   0.0 |   756
           D:2 |       0 |     123 |   0.0 |       0 |      32 |   0.0 |  1790
           D:3 |       0 |      52 |   0.0 |       0 |       6 |   0.0 |    63
               +---------+---------+-------+---------+---------+-------+---------
